 Dungeon Crawl Stone Soup version 0.30.0-10-gfe55d96785 (webtiles) character file.

Game seed: 17644635841922168779

32603 GnoME the Grappler (level 13, -8/141 HPs)
             Began as a Troll Delver on May 16, 2023.
             Was an Elder of Qazlal.
             Mangled by Rupert
             ... wielding a +1 heavy great mace
              (43 damage)
             ... on level 3 of the Lair of Beasts.
             The game lasted 00:39:06 (12561 turns).

GnoME the Grappler (Troll Delver)                  Turns: 12561, Time: 00:39:07

Health: -8/141     AC: 16    Str: 27    XL:     13   Next: 32%
Magic:  9/12       EV: 12    Int:  6    God:    Qazlal [****..]
Gold:   1028       SH: 10    Dex: 11    Spells: 12/12 levels left

rFire   . .          .
                       - Unarmed
rCold   . . .        (no shield)
rNeg    . . .        A - +0 steam dragon scales
rPois   .            (helmet restricted)
rElec   .            t - +0 cloak
rCorr   .            (gloves unavailable)
SInv    .            (boots unavailable)
Will    .....        x - amulet of reflection
Stlth   +            Q - +4 ring of protection
HPRegen 1.23/turn    w - +4 ring of protection
MPRegen 0.13/turn

%: repel missiles, reflection
@: no status effects
A: large, unfitting armour, claws 3, regeneration 1, shaggy fur 1, tough skin 1
a: Renounce Religion, Upheaval, Elemental Force


You were on level 3 of the Lair of Beasts.
You worshipped Qazlal.
Qazlal was greatly pleased with you.
You visited 3 branches of the dungeon, and saw 16 of its levels.
You visited the Abyss 1 time.
You also visited: Gauntlet.

You collected 1028 gold pieces.

Inventory:

Hand Weapons
 a - a +6 morningstar of flaming
   (You took it off a wight on level 9 of the Dungeon)
 b - the +8 sling "Asofir" {freeze, Int+6}
   (You found it on level 11 of the Dungeon)

   Int:       It affects your intelligence (+6).
Missiles
 k - 2 curare-tipped darts
 G - 25 poisoned darts (quivered)
Armour
 t - a +0 cloak (worn)
   (You found it on level 2 of the Dungeon)
 A - +0 steam dragon scales (worn)
   (You found it on level 8 of the Dungeon)
Jewellery
 e - a ring of flight
   (You found it on level 1 of the Lair of Beasts)
 p - a ring of willpower
   (You found it on level 3 of the Dungeon)
 w - a +4 ring of protection (right claw)
   (You found it on level 6 of the Dungeon)
 x - an amulet of reflection (around neck)
   (You took it off a centaur on level 7 of the Dungeon)
 F - an amulet of regeneration
   (You found it on level 9 of the Dungeon)
 I - a ring of willpower
   (You found it on level 9 of the Dungeon)
 L - a ring of ice
   (You took it off an ogre mage on level 10 of the Dungeon)
 Q - a +4 ring of protection (left claw)
   (You found it on level 11 of the Dungeon)
Wands
 f - a wand of digging (3)
 u - a wand of polymorph (7)
   (You found it on level 10 of the Dungeon)
 B - a wand of flame (39)
   (You found it on level 8 of the Dungeon)
 C - a wand of acid (16)
   (You found it on level 8 of the Dungeon)
 H - a wand of roots (5)
   (You found it on level 10 of the Dungeon)
Scrolls
 c - 3 scrolls of magic mapping
 d - 8 scrolls of fear
 h - 6 scrolls of teleportation
 i - a scroll of blinking
 q - 6 scrolls of amnesia
 y - 3 scrolls of identify
 E - 2 scrolls of poison
 N - 2 scrolls of fog
Potions
 g - a potion of attraction {unknown}
 j - 3 potions of brilliance
 l - 2 potions of magic
 m - a potion of might {unknown}
 n - 3 potions of lignification
 o - 2 potions of berserk rage {unknown}
 r - a potion of degeneration {unknown}
 s - 4 potions of mutation
 v - 2 potions of cancellation {unknown}
 z - 5 potions of heal wounds {unknown}
 D - 3 potions of curing


   Skills:
 * Level 12.6 Fighting
 + Level 8.9 Dodging
 - Level 2.7 Stealth
 * Level 14.7 Unarmed Combat


You had 12 spell levels left.
You didn't know any spells.
Your spell library contained the following spells:

 Spells                   Type           Power      Damage    Failure   Level
 Apportation              Tloc           0%         N/A       45%         1
 Beastly Appendage        Tmut           0%         N/A       45%         1
 Freeze                   Ice            0%         1d3       45%         1
 Necrotise                Necr           0%         1d4       45%         1
 Summon Small Mammal      Summ           0%         N/A       45%         1
 Wereblood                Tmut           0%         N/A       58%         2
 Frozen Ramparts          Ice            0%         1d1       83%         3
 Hailstorm                Conj/Ice       0%         3d3       83%         3
 Spider Form              Tmut/Pois      0%         N/A       83%         3
 Chain Lightning          Conj/Air       0%         N/A       100%        9
 Fire Storm               Conj/Fire      0%         5d1       100%        9
 Shatter                  Erth           0%         3d5*      100%        9


Dungeon Overview and Level Annotations

Branches:
Dungeon (11/15)            Temple (1/1) D:7            Lair (4/5) D:11
 Shoals (0/4) Lair:2       Spider (0/4) Lair:2        Slime (0/5) Lair:4
Gauntlet (visited)
    Orc: D:9-12

Altars:
Ashenzari
Cheibriados
Dithmenos
Elyvilon
Fedhas
Gozag
Hepliaklqana
Kikubaaqudgha
Makhleb
Nemelex Xobeh
Okawaru
Qazlal
Ru
Sif Muna
Trog
Uskayaw
Vehumet
Wu Jian
Xom
Yredelemnul
Zin
The Shining One

Annotations:
D:5 2 transporters, olmar's ghost, novice NaFi
D:8 exclusion: statue
D:10 exclusion: orange crystal statue
Lair:3 3 runed translucent doors, Huasawuy's ghost, journeyman TrHW; Rupert


Innate Abilities, Weirdness & Mutations

You are too large for most types of armour.
You have claws for hands.
Your natural rate of healing is unusually fast.
You are covered in fur. (AC +1)
You have tough skin. (AC +1)


Message History

The elephant barely misses you. You block the elephant's attack.
You mangle the elephant!!
The elephant is severely wounded.
You mangle the elephant!!
You kill the elephant!
Qazlal accepts your kill. You block the elephant's attack.
The elephant trunk-slaps you but does no damage.
The elephant is engulfed in freezing vapours.
You block the elephant's attack. The elephant closely misses you.
You claw the elephant!
The elephant is heavily wounded.
The elephant tramples you.
You stumble backwards!
The elephant is engulfed in freezing vapours.
You take 2 damage, and have 134/141 hp.
You claw the elephant!
The elephant is almost dead.
The elephant barely misses you. You block the elephant's attack.
The elephant tramples you.
You stumble backwards!
The elephant misses you. You block the elephant's attack.
You take 5 damage, and have 129/141 hp.
You mangle the elephant!!
You kill the elephant!
Qazlal accepts your kill.
You scratch the elephant but do no damage.
You claw the elephant, but do no damage.
The elephant tramples you but does no damage.
You block the elephant's attack.
You scratch the elephant but do no damage.
The elephant is lightly wounded.
The elephant tramples you!
You stumble backwards!
You take 9 damage, and have 122/141 hp.
You mangle the elephant!!
The elephant is moderately wounded.
You claw the elephant!
The elephant is heavily wounded.
The elephant is engulfed in blazing flames.
The elephant tramples you!
You stumble backwards!
You take 10 damage, and have 112/141 hp.
You scratch the elephant but do no damage.
You claw the elephant!
The elephant is severely wounded.
The elephant is engulfed in freezing vapours.
The elephant tramples you.
You stumble backwards!
You take 2 damage, and have 110/141 hp.
You mangle the elephant!!
You kill the elephant!
Qazlal accepts your kill. You block the elephant's attack.
The elephant trunk-slaps you but does no damage.
You eviscerate the elephant!!!
The elephant is heavily wounded.
You barely miss the elephant.
The elephant is heavily wounded.
You hear a shout!
You block the elephant's attack. The elephant closely misses you.
You mangle the elephant!!
The elephant is severely wounded.
The elephant tramples you but does no damage.
The elephant misses you.
You mangle the elephant!!
You kill the elephant!
Qazlal accepts your kill.
No target in view!
Rupert is nearby!
You regained 3 hp, and now have 118/141 hp.
You feel clever.
The +8 sling "Asofir" {freeze, Int+6} is covered in frost.
b - the +8 sling "Asofir" (weapon)
{freeze, Int+6} You shoot a sling bullet.
The sling bullet hits Rupert but does no damage.
You regained 2 hp, and now have 121/141 hp.
You shoot a sling bullet. The sling bullet barely misses Rupert.
You shoot a sling bullet.
The sling bullet hits Rupert but does no damage.
You regained 2 hp, and now have 124/141 hp.
The +8 sling "Asofir" {freeze, Int+6} stops glowing.
You are now empty-clawed.
Rupert yells loudly at you.
You are confused.
You regained 2 hp, and now have 126/141 hp.
You feel better. Rupert barely misses you.
You regained 7 hp, and now have 133/141 hp.
You scratch Rupert but do no damage.
Rupert hits you with a +1 heavy great mace!!
You take 22 damage, and have 111/141 hp.
You barely miss Rupert. You scratch Rupert but do no damage.
You block Rupert's attack.
You mangle Rupert!!
Rupert is moderately wounded.
You scratch Rupert but do no damage.
Rupert is moderately wounded.
You barely miss Rupert. You claw Rupert!
Rupert is moderately wounded.
You block Rupert's attack.
You claw Rupert!
Rupert is heavily wounded.
You claw Rupert! You claw Rupert.
Rupert is heavily wounded.
Rupert hits you with a +1 heavy great mace!
You take 16 damage, and have 100/141 hp.
You barely miss Rupert.
Rupert is heavily wounded.
You barely miss Rupert.
Rupert is heavily wounded.
Rupert screams, "Give me the Holy Grail!"
Rupert roars wildly at you.
You struggle to resist.
Unknown command.
You scratch Rupert.
Rupert is heavily wounded.
Rupert screams, "You killed all those lovely monsters, you murderer!"
Rupert roars wildly at you.
You suddenly lose the ability to move!
Rupert roars madly and goes into a rage!
Rupert goes berserk!
Rupert hits you with a +1 heavy great mace!!
Rupert hits you with a +1 heavy great mace!
Rupert hits you but does no damage.
You can move again.
You take 30 damage, and have 72/141 hp.
MASSIVE DAMAGE!!
You claw Rupert!
Rupert is severely wounded.
Rupert hits you with a +1 heavy great mace!!
You take 17 damage, and have 55/141 hp.
Unknown command.
You barely miss Rupert.
Rupert is severely wounded.
Rupert closely misses you.
Unknown command.
You scratch Rupert but do no damage.
Rupert is severely wounded.
Unknown command.
You claw Rupert!
Rupert is severely wounded.
Rupert misses you.
Unknown command.
Okay, then.
You barely miss Rupert.
Rupert is severely wounded.
Rupert hits you with a +1 heavy great mace!!
* * * LOW HITPOINT WARNING * * *
You take 25 damage, and have 33/141 hp.
Unknown command.
Okay, then.
Aiming: Upheaval
Press: ? - help, Dir - move target, p - Rupert The ground shakes violently, spewing rubble!
Rupert hits you with a +1 heavy great mace!!!
You die...

.~~~~~. ##
.~~~~~.#####.# .~
#P~.#..#.### . ..~~
#~.†......# #
...~~##~.†......#
#...~~~#~..†....#.#
##...~~~~~.###.°°#
#....~~~~~...P...##
#......>.......@@.#
P..#........P....°##
#..........P..°.§..#
#..#.......P#P.....#
...........##......#
...#P......##P.....#
PP.P.......####.####
##..P......# ###
##.........#


You could see Rupert (berserk).

Vanquished Creatures
  Erolcha (D:11)
  2 boulder beetles
  3 centaur warriors (D:10)
  An ogre mage (D:10)
  3 two-headed ogres
  An orb spider (Lair:2)
  An orc knight (D:9)
  A deep elf pyromancer (D:10)
  An ugly thing (D:11)
  2 starcursed masses (Abyss:1)
  A cyclops (D:10)
  4 black mambas
  A water nymph (Lair:2)
  6 elephants (Lair:3)
  An ice statue (D:10)
  5 centaur zombies (D:10)
  A torpor snail (Lair:3)
  8 cane toads
  An unseen horror zombie (D:10)
  2 rime drakes (Lair:3)
  Psyche (D:10)
  A kobold demonologist (D:11)
  A tengu conjurer (D:10)
  5 komodo dragons
  A troll (D:11)
  A hornet (D:9)
  2 polar bears (Lair:1)
  A meliai zombie (D:10)
  A vampire (D:10)
  3 shadows
  A large abomination (Abyss:1)
  2 wraiths
  14 yaks
  A golden eye (shapeshifter) (D:9)
  5 wyverns
  2 basilisks
  7 vampire mosquitoes (D:10)
  3 steam dragons
  3 acid dragons
  9 water moccasins
  2 small abominations (Abyss:1)
  3 orc warriors
  3 sky beasts
  2 black bears
  An ice beast (D:6)
  4 centaurs
  2 ogres
  A phantom (D:5)
  2 kobold brigands
  12 bullfrogs
  A gnoll sergeant (D:10)
  2 scorpions
  16 wights
  4 killer bees (D:8)
  9 electric eels
  4 howler monkeys
  A human zombie (D:10)
  2 orc priests
  A hound (D:6)
  A jelly (D:6)
  4 iguanas
  6 sleepcaps
  6 orc wizards
  3 mummies (D:10)
  A howler monkey zombie (D:10)
  9 adders
  12 gnolls
  2 white imps (D:5)
  An ufetubus (D:5)
  A worm (D:2)
  2 dart slugs
  21 orcs
  7 ball pythons
  3 bats
  3 endoplasms
  A giant cockroach (D:2)
  5 goblins
  5 hobgoblins
  11 kobolds
  5 quokkas
  4 frilled lizards
  4 rats
299 creatures vanquished.

Vanquished Creatures (others)
  Sonja (D:11)
1 creature vanquished.

Grand Total: 300 creatures vanquished

Notes
Turn   | Place    | Note
-------+----------+-------------------------------------------
     0 | D:5      | GnoME the Troll Delver began the quest for the Orb.
     0 | D:5      | Reached XP level 1. HP: 22/22 MP: 0/0
     3 | D:5      | Noticed a bullfrog
     8 | D:4      | Noticed a howler monkey
    28 | D:4      | Killed a howler monkey
    29 | D:4      | Reached XP level 2. HP: 10/29 MP: 1/1
    29 | D:4      | Reached XP level 3. HP: 12/36 MP: 2/2
    46 | D:4      | Reached skill level 3 in Unarmed Combat
    62 | D:4      | Reached XP level 4. HP: 42/45 MP: 3/3
  1128 | D:2      | Reached XP level 5. HP: 53/53 MP: 4/4
  2617 | D:4      | Reached skill level 4 in Unarmed Combat
  2639 | D:4      | Found a glowing golden altar of the Shining One.
  2865 | D:4      | Reached XP level 6. HP: 55/62 MP: 5/5
  3255 | D:4      | Found a sacrificial altar of Ru.
  3304 | D:5      | Found a transporter.
  3305 | D:5      | Noticed an acid dragon
  3307 | D:5      | Noticed olmar's ghost (novice NaFi)
  3333 | D:5      | Noticed a water moccasin
  3335 | D:5      | Reached skill level 5 in Unarmed Combat
  3348 | D:5      | Killed a water moccasin
  3349 | D:5      | Reached XP level 7. HP: 22/71 MP: 6/6
  3360 | D:5      | Found a transporter.
  3513 | D:5      | Reached skill level 5 in Fighting
  3753 | D:5      | Reached skill level 6 in Unarmed Combat
  3764 | D:5      | Found an opulent altar of Gozag.
  3783 | D:5      | Reached XP level 8. HP: 67/81 MP: 7/7
  4167 | D:6      | Found a glowing silver altar of Zin.
  4324 | D:6      | Reached skill level 7 in Unarmed Combat
  4504 | D:6      | Found a shimmering blue altar of Sif Muna.
  4782 | D:7      | Found a staircase to the Ecumenical Temple.
  4804 | Temple   | Entered the Ecumenical Temple
  4921 | Temple   | Became a worshipper of Qazlal Stormbringer
  5048 | D:7      | Reached XP level 9. HP: 34/92 MP: 8/8
  5223 | D:7      | Reached skill level 8 in Unarmed Combat
  5316 | D:7      | Found a burning altar of Makhleb.
  5411 | Abyss:1  | Cast into level 1 of the Abyss (orc)
  5467 | Abyss:1  | Found a corrupted altar of Lugonu.
  5469 | Abyss:1  | Noticed a large abomination
  5470 | Abyss:1  | Found a corrupted altar of Lugonu.
  5473 | Abyss:1  | Noticed a starcursed mass
  5516 | Abyss:1  | Reached skill level 5 in Dodging
  5546 | Abyss:1  | Found a corrupted altar of Lugonu.
  5553 | Abyss:1  | Noticed a large abomination
  5583 | Abyss:1  | Found a corrupted altar of Lugonu.
  5592 | Abyss:1  | Found a corrupted altar of Lugonu.
  5592 | Abyss:1  | Found a corrupted altar of Lugonu.
  5605 | Abyss:1  | Noticed a starcursed mass
  5618 | Abyss:1  | Killed a starcursed mass
  5620 | Abyss:1  | Killed a starcursed mass
  5621 | Abyss:1  | Reached skill level 9 in Unarmed Combat
  5643 | D:7      | Escaped the Abyss
  5844 | D:8      | Noticed a two-headed ogre
  5852 | D:8      | Killed a two-headed ogre
  5853 | D:8      | Reached XP level 10. HP: 90/104 MP: 9/9
  5874 | D:8      | Reached * piety under Qazlal
  6146 | D:8      | Found a radiant altar of Vehumet.
  6314 | D:8      | Reached skill level 10 in Unarmed Combat
  7053 | D:10     | Entered Level 10 of the Dungeon
  7116 | D:10     | Noticed a centaur warrior
  7275 | D:10     | Killed a centaur warrior
  7276 | D:10     | Reached skill level 11 in Unarmed Combat
  7384 | D:10     | Reached ** piety under Qazlal
  7385 | D:10     | Reached XP level 11. HP: 100/115 MP: 10/10
  7396 | D:10     | Noticed a two-headed ogre
  7418 | D:9      | Killed a two-headed ogre
  7491 | D:10     | Noticed a centaur warrior
  7496 | D:10     | Noticed an orc knight
  7500 | D:10     | Killed a centaur warrior
  7547 | D:9      | Killed an orc knight
  7598 | D:10     | Reached skill level 10 in Fighting
  7713 | D:10     | Noticed an ogre mage
  7756 | D:10     | Killed an ogre mage
  7849 | D:10     | Noticed a boulder beetle
  7860 | D:10     | Noticed a deep elf pyromancer
  8033 | D:10     | Found a hazy altar of Hepliaklqana.
  8071 | D:10     | Noticed an orange crystal statue
  8084 | D:10     | Reached skill level 12 in Unarmed Combat
  8116 | D:10     | Killed a boulder beetle
  8227 | D:10     | Killed a deep elf pyromancer
  8343 | D:10     | Found a white marble altar of Elyvilon.
  8427 | D:10     | Noticed Psyche
  8437 | D:10     | Killed Psyche
  8695 | D:10     | Found a basalt altar of Yredelemnul.
  8709 | D:10     | Reached XP level 12. HP: 127/128 MP: 11/11
  8763 | D:10     | Reached *** piety under Qazlal
  8813 | D:10     | Noticed a centaur warrior
  8826 | D:10     | Killed a centaur warrior
  8932 | D:11     | Noticed a two-headed ogre
  8939 | D:11     | Killed a two-headed ogre
  8940 | D:11     | Reached skill level 13 in Unarmed Combat
  9177 | D:11     | Noticed Erolcha
  9180 | D:11     | Killed Erolcha
  9303 | D:11     | Found a gate leading to a gauntlet.
  9310 | Gauntlet | Entered a Gauntlet
  9310 | Gauntlet | Found a transporter.
  9324 | Gauntlet | Found a transporter.
  9334 | Gauntlet | Found a transporter.
  9339 | Gauntlet | Found a transporter.
  9354 | Gauntlet | Found a transporter.
  9376 | Gauntlet | Found a transporter.
  9376 | Gauntlet | Noticed a catoblepas
  9385 | Gauntlet | Found a transporter.
  9393 | Gauntlet | Found a large runed translucent door.
  9394 | Gauntlet | Found a large runed translucent door.
  9395 | Gauntlet | Found a large runed translucent door.
  9395 | Gauntlet | Found a large runed translucent door.
  9396 | Gauntlet | Found a runed translucent gate.
  9397 | Gauntlet | Found a transporter.
  9397 | Gauntlet | Found a runed translucent gate.
  9398 | Gauntlet | Found a runed translucent gate.
  9399 | Gauntlet | Found a large runed translucent door.
  9399 | Gauntlet | Found a large runed translucent door.
  9400 | Gauntlet | Found a large runed translucent door.
  9401 | Gauntlet | Found a large runed translucent door.
  9409 | Gauntlet | Found a transporter.
  9418 | Gauntlet | Noticed a dire elephant
  9421 | Gauntlet | Found a transporter.
  9427 | Gauntlet | Found a transporter.
  9427 | Gauntlet | Found a transporter.
  9466 | Gauntlet | Found a transporter.
  9491 | Gauntlet | Found a transporter.
  9493 | Gauntlet | Found a transporter.
  9513 | Gauntlet | Found a transporter.
  9591 | Gauntlet | Found a transporter.
  9607 | Gauntlet | Found a large runed translucent door.
  9607 | Gauntlet | Found a large runed translucent door.
  9607 | Gauntlet | Found a runed translucent door.
  9607 | Gauntlet | Found a runed translucent door.
  9608 | Gauntlet | Found a large runed translucent door.
  9609 | Gauntlet | Found a large runed translucent door.
  9611 | Gauntlet | Found a transporter.
  9627 | Gauntlet | Found a large runed translucent door.
  9627 | Gauntlet | Found a large runed translucent door.
  9628 | Gauntlet | Found a large runed translucent door.
  9629 | Gauntlet | Found a large runed translucent door.
  9815 | D:11     | Identified the +8 sling "Asofir" {freeze, Int+6}
 10075 | D:11     | Noticed Sonja
 10127 | D:11     | Killed Sonja
 10380 | D:11     | Found a staircase to the Lair.
 10668 | Lair:1   | Entered Level 1 of the Lair of Beasts
 11185 | Lair:1   | Noticed a boulder beetle
 11201 | Lair:1   | Killed a boulder beetle
 11431 | Lair:2   | Reached skill level 14 in Unarmed Combat
 11653 | Lair:2   | Found a hole to the Spider Nest.
 12016 | Lair:3   | Reached XP level 13. HP: 136/140 MP: 12/12
 12098 | Lair:3   | Reached **** piety under Qazlal
 12213 | Lair:3   | Noticed Rupert
 12352 | Lair:4   | Found a staircase to the Slime Pits.
 12474 | Lair:3   | Found a runed translucent gate.
 12475 | Lair:3   | Found a runed translucent gate.
 12476 | Lair:3   | Found a runed translucent gate.
 12476 | Lair:3   | Noticed Huasawuy's ghost (journeyman TrHW)
 12551 | Lair:3   | Paralysed by Rupert for 4 turns
 12561 | Lair:3   | Mangled by Rupert

Illustrated notes

Levels and vault maps discovered:
D:1:      dpeg_arrival_windows_large_door, layout_loops_ring
D:2:      layout_basic
D:3:      layout_basic
D:4:      layout_loops_cross, overflow_temple_1_default, lemuel_tele_altar
D:5:      layout_cave_pools, marbit_many_paths, gammafunk_ghost_arena
D:6:      layout_loops_ring, zin_academy, lemuel_blue_sif_altar
D:7:      layout_basic, lemuel_doored_altar, minmay_temple_entry_wispy
D:8:      layout_basic, vehumet_statue
D:9:      layout_rooms, mrwooster_statue_mirror
D:10:     minmay_separated_statues, layout_gridville,
          lemuel_mausoleum_altar_yredelemnul, amcnicky_altar_gilded,
          mainiacjoe_overflow_alcove_1, minmay_shattered_shrine, uniq_psyche
D:11:     layout_basic, gauntlet_entry_generic, dreamdust_mushroom_princess,
          grunt_ministairs_15, uniq_sonja, uniq_erolcha
Temple:   nicolae_temple_godzebo
Lair:1:   layout_roguey, grunt_megastairs_2, lemuel_fruit_fields,
          infiniplex_staircase_pool
Lair:2:   layout_misc_corridors, nicolae_shoals_entry_flooding,
          nicolae_spider_entry_orb_guardian, grunt_megastairs_3
Lair:3:   layout_gridlike, gammafunk_ghost_split, minmay_hedge_maze,
          minmay_holes, uniq_rupert
Lair:4:   layout_regular_city, slime_entry_1, chequers_serial_rivers_micro_b,
          uniq_kirke

Skill      XL: |  1  2  3  4  5  6  7  8  9 10 11 12 |
---------------+-------------------------------------+-----
Fighting       | 3 4 5 6 8 9 10 12 | 12.6
Dodging        | 2 3 4 5 6 7 8 |  8.9
Unarmed Combat | 3 4 5 6 7 9 11 12 14 | 14.7
Stealth        | |  2.7

Action                     |  1- 3 |  4- 6 |  7- 9 | 10-12 | 13-15 || total
---------------------------+-------+-------+-------+-------+-------++-------
  Melee: Unarmed           |    27 |   190 |   201 |   486 |   115 ||  1019
         Punch             |     1 |     5 |     9 |    40 |    13 ||    68
   Fire: Sling             |       |       |       |    17 |     3 ||    20
  Throw: Dart              |       |       |       |     1 |       ||     1
 Invoke: Upheaval          |       |       |       |       |     1 ||     1
    Use: Potion            |       |     1 |       |     8 |     1 ||    10
         Scroll            |       |       |     6 |    12 |     2 ||    20
   Stab: Sleeping          |       |     6 |     6 |     1 |       ||    13
 Armour: Robe              |     5 |    43 |    56 |       |       ||   104
         Steam dragon scal |       |       |       |   152 |    25 ||   177
         Skin              |       |       |       |     4 |       ||     4
  Dodge: Dodged            |     8 |   105 |    90 |   206 |    32 ||   441
         Repelled          |       |       |       |       |     1 ||     1
  Block: Other             |       |       |    17 |   168 |    35 ||   220
         Reflection        |       |       |       |     9 |       ||     9
